 Dungeon Crawl Stone Soup version 0.23-a0-642-g3120c2f5a9 (webtiles) character file.

31109 Adamkad1 the Contemplative (level 13, -7/139 HPs)
             Began as a Naga Fighter on Dec 31, 2018.
             Was a Priest of Cheibriados.
             Mangled by a death yak (17 damage)
             ... on level 3 of the Lair of Beasts.
             The game lasted 00:41:50 (20734 turns).

Adamkad1 the Contemplative (Naga Fighter)          Turns: 20734, Time: 00:41:50

Health: -7/139     AC: 19    Str: 35    XL:     13   Next: 56%
Magic:  8/21       EV:  8    Int: 16    God:    Cheibriados [***...]
Gold:   1259       SH: 14    Dex: 23    Spells: 12/12 levels left

rFire    . . .     SeeInvis +   l - +1 whip (protect)
rCold    . . .     Gourm    .   c - +0 shield
rNeg     . . .     Faith    .   b - +1 scale mail
rPois    +         Spirit   .   (no helmet)
rElec    .         Reflect  .   (no cloak)
rCorr    +         Harm     .   h - +0 pair of gloves
MR       +....                  (no barding)
Stlth    +.........             (no amulet)
HPRegen  0.33/turn              D - +5 ring of strength
MPRegen  0.17/turn              H - ring of resist corrosion

@: protection aura, very slow
A: large, thin skeletal structure 1, see invisible, deformed body, poison
resistance, robust 1, slowness 2, slow metabolism 1, spit poison 2, constrict 1,
AC +4
a: Breathe Poison Gas, Bend Time, Temporal Distortion, Renounce Religion


You were on level 3 of the Lair of Beasts.
You worshipped Cheibriados.
Cheibriados was most pleased with you.
You were hungry.

You visited 2 branches of the dungeon, and saw 16 of its levels.
You also visited: Sewer and Ice Cave.

You collected 1259 gold pieces.

Inventory:

Hand Weapons
 a - a +0 flail
 l - a +1 whip of protection (weapon)
Armour
 b - a +1 scale mail (worn)
 c - a +0 shield (worn)
 h - a +0 pair of gloves (worn)
Jewellery
 D - a +5 ring of strength (left hand)
 E - an uncursed ring of protection from fire
 H - a ring of resist corrosion (right hand)
 M - an uncursed ring of protection from cold
 N - an uncursed ring of fire
 O - an uncursed ring of ice
 P - a +6 ring of dexterity
 Q - a +2 ring of intelligence {unknown}
Wands
 s - a wand of polymorph (7)
 y - a wand of flame (13)
 z - a wand of acid (14)
 C - a wand of iceblast (11)
 F - a wand of paralysis (15)
 G - a wand of enslavement (12)
 K - a wand of disintegration (3)
Scrolls
 e - 8 scrolls of remove curse
 g - 2 scrolls of fog
 k - 2 scrolls of fear
 n - 3 scrolls of enchant weapon
 t - a scroll of amnesia
 w - a scroll of holy word
 x - 6 scrolls of teleportation
 A - a scroll of magic mapping
 B - 2 scrolls of identify
 I - 3 scrolls of enchant armour
 J - 2 scrolls of brand weapon
Potions
 d - 4 potions of might
 i - 2 potions of heal wounds
 j - 4 potions of flight
 m - 5 potions of curing
 o - a potion of magic
 p - a potion of lignification
 q - 2 potions of haste
 r - 5 potions of agility
 v - 2 potions of brilliance
 L - a potion of ambrosia {unknown}
 R - 2 potions of cancellation {unknown}
 T - a potion of resistance {unknown}
Miscellaneous
 u - a lightning rod (4/4)
Comestibles
 f - 30 rations


   Skills:
 * Level 11.2 Fighting
 + Level 8.2 Maces & Flails
 * Level 9.5 Armour
 - Level 0.3 Dodging
 * Level 9.5 Shields
 * Level 11.5 Invocations


You had 12 spell levels left.
You didn't know any spells.
Your spell library contained the following spells:

 Spells                   Type           Power        Failure   Level  Hunger
 Sting                    Conj/Pois      #...         38%         1    ##.....
 Summon Small Mammal      Summ           #...         38%         1    ##.....
 Call Imp                 Summ           #.......     54%         2    ###....
 Poisonous Vapours        Pois/Air       #.....       54%         2    ###....
 Call Canine Familiar     Summ           #.......     77%         3    ####...
 Mephitic Cloud           Conj/Pois/Air  #.......     77%         3    ####...
 Summon Guardian Golem    Hex/Summ       #.......     77%         3    ####...
 Olgreb's Toxic Radiance  Pois           #.......     99%         4    #####..
 Summon Ice Beast         Ice/Summ       #.......     99%         4    #####..
 Summon Lightning Spire   Summ/Air       #.......     99%         4    #####..
 Venom Bolt               Conj/Pois      #.........   100%        5    ######.


Dungeon Overview and Level Annotations

Branches:
Dungeon (13/15)            Temple (0/1) D:5            Lair (3/6) D:9
  Swamp (0/4) Lair:2          Orc (0/2) D:9
  Snake: Lair:2-4    Spider: Lair:2-4    Vaults: D:13-14

Altars:
Cheibriados
Gozag
Makhleb
Okawaru
Ru
Uskayaw
Vehumet
Yredelemnul
The Shining One

Shops:
D:7 ?   D:8 %   D:10 :

Portals:
Trove: D:10 (give 7 potions of agility)


Innate Abilities, Weirdness & Mutations

You cannot wear boots.
Your serpentine skin is tough. (AC +4)
You have supernaturally acute eyesight. (SInv)
Armour fits poorly on your strangely shaped body.
Your system is resistant to poisons. (rPois)
You cover ground very slowly.
You have a slow metabolism.
You can exhale a cloud of poison.
You can use your snake-like lower body to constrict enemies.
You have a somewhat thin skeletal structure. (Dex +2, Stealth)
You are robust. (+10% HP)


Message History

Cheibriados lowers the support of your attributes as your movement quickens.
The death yak gores you but does no damage.
You block the death yak's attack.
Unknown command.
You are feeling hungry.
You hit the death yak.
The death yak is severely wounded.
The death yak gores you but does no damage.
Unknown command.
You hit the death yak.
The death yak is severely wounded.
You block the death yak's attack.
You can feel time thicken for a moment.
You kill the death yak!
Cheibriados appreciates the change of pace.
You feel somewhat more hungry.
You can no longer inflict damage on those overly hasty.
Cheibriados lowers the support of your attributes as your movement quickens.
The death yak gores you!
You die...

......
#........##
≈.....
.#.......#
≈.....
........#
.#P..
........##
....
.........#
..##......#
..#......##
.........#
........@##
.......#YY#
....#..#Y.#
........†##
........$#
....t......
..........##
#..##.#####
## ##


You could see 3 death yaks.

Vanquished Creatures
  Erolcha (D:12)
  Josephine (D:11)
  2 hydras
  A centaur warrior (D:12)
  A two-headed ogre (D:8)
  2 death yaks (Lair:3)
  Sonja (D:10)
  4 skeletal warriors (D:12)
  An unseen horror (D:12)
  2 ugly things (D:12)
  2 oklob plants (Lair:2)
  A black mamba (Lair:3)
  4 spiny frogs
  2 rime drakes (IceCv)
  3 komodo dragons
  2 hornets
  2 trolls
  5 blink frogs (Lair:2)
  Prince Ribbit (D:9)
  5 hippogriffs
  9 yaks
  4 wraiths
  6 insubstantial wisps (Lair:2)
  Menkaure (D:5)
  Edmund (D:4)
  A soldier ant (D:10)
  4 water moccasins
  A porcupine (Lair:1)
  5 orc warriors
  A hornet zombie (D:7)
  3 sky beasts
  14 ice beasts
  4 phantoms
  4 ogres
  3 wolves (Lair:3)
  2 centaurs
  3 crocodiles
  A big kobold (D:9)
  11 bullfrogs
  A gnoll sergeant (D:7)
  A wyvern zombie (D:6)
  A water moccasin zombie (D:10)
  4 scorpions
  20 wights
  23 killer bees
  2 electric eels (Lair:2)
  11 howler monkeys
  5 crimson imps
  A centaur zombie (D:12)
  3 jellies
  3 orc priests
  2 hounds
  10 orc wizards
  2 centaur skeletons
  3 iguanas
  6 worker ants
  A hound zombie (D:8)
  A hound skeleton (D:11)
  A worker ant zombie (D:5)
  5 gnolls
  15 adders
  4 shadow imps
  12 white imps (Lair:1)
  11 oozes
  An adder skeleton (D:7)
  2 adder zombies
  A worm (D:2)
  4 dart slugs
  20 leopard geckos
  42 orcs
  13 giant cockroaches
  6 goblins
  8 hobgoblins
  16 jackals
  2 quokkas
  15 ball pythons
  13 bats
  15 frilled lizards
  9 kobolds
  A leopard gecko skeleton (D:8)
  A quokka zombie (D:5)
  7 rats
445 creatures vanquished.

Vanquished Creatures (others)
  An ice dragon (IceCv)
  A two-headed ogre (D:12)
  A troll (D:10)
  2 hippogriffs
  3 yaks
  2 wraiths (D:11)
  2 hungry ghosts
  5 ice beasts (IceCv)
  An ogre (D:10)
  A centaur (D:8)
  4 bullfrogs
  A scorpion (D:11)
  A killer bee (D:11)
  3 wights (D:9)
  2 howler monkeys (D:9)
  An orc wizard (D:3)
  A worker ant (D:5)
  2 hound zombies
  An adder (D:2)
  2 gnolls
  A worm (D:3)
  A leopard gecko (Sewer)
  2 orcs
  A quokka (D:6)
  A frilled lizard (Sewer)
  A kobold (D:2)
  A fungus (Lair:2)
  8 plants
53 creatures vanquished.

Grand Total: 498 creatures vanquished

Notes
Turn   | Place    | Note
-------+----------+-------------------------------------------
     0 | D:1      | Adamkad1 the Naga Fighter began the quest for the Orb.
     0 | D:1      | Reached XP level 1. HP: 21/21 MP: 1/1
    51 | D:1      | Reached XP level 2. HP: 26/28 MP: 2/2
   431 | D:1      | Reached XP level 3. HP: 34/34 MP: 3/3
   851 | D:2      | Found a snail-covered altar of Cheibriados.
   860 | D:2      | Reached XP level 4. HP: 33/42 MP: 4/4
   866 | D:2      | Became a worshipper of Cheibriados the Contemplative
  1361 | D:2      | Reached * piety under Cheibriados
  1730 | D:3      | Reached skill level 1 in Invocations
  1731 | D:3      | Reached XP level 5. HP: 41/49 MP: 5/5
  1985 | D:3      | Reached ** piety under Cheibriados
  2183 | D:3      | Found a faded altar of an unknown god.
  2464 | D:4      | Noticed Edmund
  2477 | D:3      | Reached XP level 6. HP: 44/57 MP: 7/7
  2800 | D:4      | Killed Edmund
  2933 | D:4      | Found a glowing drain.
  2976 | Sewer    | Entered a sewer
  2986 | Sewer    | Reached *** piety under Cheibriados
  3088 | Sewer    | Reached XP level 7. HP: 52/64 MP: 9/9
  3309 | Sewer    | Reached **** piety under Cheibriados
  3726 | D:4      | Found a glowing golden altar of the Shining One.
  3820 | D:4      | Found a basalt altar of Yredelemnul.
  3956 | D:4      | Found a radiant altar of Vehumet.
  3969 | D:4      | Found a burning altar of Makhleb.
  4107 | D:5      | Entered Level 5 of the Dungeon
  4374 | D:5      | Reached ***** piety under Cheibriados
  4468 | D:5      | Found a staircase to the Ecumenical Temple.
  4469 | D:5      | Reached XP level 8. HP: 73/73 MP: 10/10
  4516 | D:5      | Reached skill level 5 in Fighting
  4765 | D:5      | Noticed Menkaure
  4772 | D:5      | Killed Menkaure
  5104 | D:6      | Found a sacrificial altar of Ru.
  5108 | D:6      | Found an iron altar of Okawaru.
  5185 | D:6      | Reached skill level 5 in Invocations
  5198 | D:6      | Reached skill level 5 in Armour
  5198 | D:6      | Reached skill level 5 in Shields
  5351 | D:6      | Reached XP level 9. HP: 71/82 MP: 12/12
  6327 | D:7      | Found Zuozomim's Magic Scroll Shop.
  6604 | D:7      | Reached skill level 5 in Maces & Flails
  6605 | D:7      | Noticed a hornet
  7053 | D:7      | Found a hide-covered altar of Uskayaw.
  7055 | D:7      | Noticed a +0 hand axe
  7056 | D:7      | Noticed a +0 hand axe
  7102 | D:7      | Killed a hornet
  7102 | D:7      | Reached XP level 10. HP: 63/94 MP: 13/15
  7424 | D:7      | Found an opulent altar of Gozag.
  7649 | D:8      | Noticed a two-headed ogre
  7854 | D:8      | Found Tiblit's Food Emporium.
  7903 | D:8      | Killed a two-headed ogre
  8613 | D:9      | Noticed Prince Ribbit
  8697 | D:9      | Found a staircase to the Lair.
  8983 | D:9      | Killed Prince Ribbit
  9379 | D:9      | Reached XP level 11. HP: 97/104 MP: 17/17
  9819 | D:9      | Found a staircase to the Orcish Mines.
 10268 | D:10     | Entered Level 10 of the Dungeon
 10360 | D:10     | Paralysed by a hornet for 2 turns
 10942 | D:10     | Found Detz's Book Emporium.
 11077 | D:10     | Noticed Sonja
 11079 | D:10     | Killed Sonja
 11092 | D:10     | Found a portal to a secret trove of treasure.
 11264 | D:10     | Gained mutation: You can exhale a cloud of poison. [potion
                  | of mutation]
 11264 | D:10     | Gained mutation: You have a somewhat thin skeletal
                  | structure. (Dex +2, Stealth) [potion of mutation]
 11264 | D:10     | Gained mutation: You are robust. (+10% HP) [potion of
                  | mutation]
 11526 | D:11     | Noticed Josephine
 11531 | D:11     | Killed Josephine
 11886 | D:11     | Noticed a two-headed ogre
 11891 | D:11     | Banished a two-headed ogre
 12089 | D:11     | Noticed a seven-headed hydra
 13165 | D:12     | Noticed a red ugly thing
 13167 | D:12     | Noticed a purple ugly thing
 13172 | D:12     | Noticed a skeletal warrior
 13174 | D:12     | Killed a red ugly thing
 13174 | D:12     | Reached XP level 12. HP: 103/126 MP: 19/19
 13185 | D:12     | Noticed a two-headed ogre
 13194 | D:12     | Banished a two-headed ogre
 13657 | D:12     | Noticed a centaur warrior
 13657 | D:12     | Noticed Erolcha
 13661 | D:12     | Killed a centaur warrior
 13667 | D:12     | Killed Erolcha
 13667 | D:12     | Reached skill level 10 in Invocations
 13829 | D:12     | Reached skill level 10 in Fighting
 14576 | D:13     | Noticed a death knight
 15148 | Lair:1   | Entered Level 1 of the Lair of Beasts
 15307 | Lair:1   | Found a frozen archway.
 15421 | IceCv    | Entered an ice cave
 16132 | IceCv    | Noticed an ice dragon
 16133 | IceCv    | Noticed an ice dragon
 16139 | IceCv    | Banished an ice dragon
 17176 | Lair:2   | Gained mutation: You can use your snake-like lower body to
                  | constrict enemies. [Naga growth]
 17176 | Lair:2   | Reached XP level 13. HP: 109/136 MP: 21/21
 17540 | Lair:2   | Found a staircase to the Swamp.
 20734 | Lair:3   | Mangled by a death yak

Vault maps used:
D:1:      lemuel_arrival_room
D:2:      kennysheep_slug_shrine, minmay_misc_feat_hallway
D:3:      first_ration, chequers_ecumenical_altar_simple
D:4:      grunt_temple_overflow_lords_of_destruction,
          grunt_temple_overflow_holy_war, gup_sewer_entry_glass, uniq_edmund
D:5:      minmay_temple_entry_butterflies, hangedman_abyss_or_decor_lesser_grid,
          minmay_bent, uniq_menkaure
D:6:      minitemple
D:7:      dancing_weapons_uskayaw, nicolae_gozag_seed_capital, serial_shops,
          shop, minmay_door_square
D:8:      serial_shops, shop
D:9:      david_lair_shrubbed, orc_0_dummy, uniq_prince_ribbit1
D:10:     enter_trove_2, serial_shops, nicolae_shop_waterfront, uniq_sonja
D:11:     uniq_josephine
D:12:     grunt_pizzeria, uniq_erolcha
D:13:     elyvilon_altar_4
Lair:1:   portal_ice_cave_entry_imps
Lair:2:   dpeg_oklob_gauntlet, minmay_swamp_entry_wisps, serial_bayou_lake_a
Lair:3:   nicolae_volcano_entry_s_turn, infiniplex_staircase_pool,
          serial_bayou_shore_b
Sewer:    sewer_frog_island_02
IceCv:    ice_cave_small_dragons

Skill      XL: |  1  2  3  4  5  6  7  8  9 10 11 12 13 |
---------------+----------------------------------------+-----
Shields        | 3 4 5 6 8 9 |  9.5
Armour         | 3 4 5 6 8 9 |  9.5
Invocations    | 1 2 3 5 6 8 9 10 11 | 11.5
Maces & Flails | 3 4 5 6 7 8 |  8.2
Fighting       | 4 5 7 8 9 10 11 | 11.2
Dodging        | |  0.3

Action                   |  1- 3 |  4- 6 |  7- 9 | 10-12 | 13-15 || total
-------------------------+-------+-------+-------+-------+-------++-------
Melee: Flail             |    73 |       |       |       |       ||    73
       Whip              |    22 |   232 |   410 |   699 |   258 ||  1621
       Constrict         |       |       |       |       |    33 ||    33
Invok: Slouch            |       |       |     1 |    15 |     3 ||    19
 Abil: Spit Poison       |     2 |     4 |    10 |     4 |       ||    20
       Breathe Poison Ga |       |       |       |     6 |     3 ||     9
Evoke: Wand              |       |       |       |       |     4 ||     4
  Use: Scroll            |       |     9 |       |    25 |     2 ||    36
       Potion            |       |       |       |     5 |     2 ||     7
 Stab: Sleeping          |       |       |       |     1 |       ||     1
  Eat: Chunk             |       |     5 |    10 |    13 |     1 ||    29
       Ration            |       |       |       |     3 |     2 ||     5
Armor: Scale mail        |    45 |    99 |   136 |   221 |    83 ||   584
Dodge: Dodged            |    24 |    62 |   103 |   172 |    63 ||   424
Block: Shield            |    44 |   138 |   285 |   470 |   176 ||  1113

Table legend:
 A = Non-vault XP
 B = Vault XP
 C = Vault XP percentage of total XP
 D = Non-vault monster count
 E = Vault monster count
 F = Vault count percentage of total count
                 A         B        C        D         E       F
            +---------+---------+-------+---------+---------+-------
      Total |   33477 |   10965 |  24.7 |     378 |     112 |  22.9
            +---------+---------+-------+---------+---------+-------
        D:1 |      48 |       0 |   0.0 |      27 |       0 |   0.0
        D:2 |      94 |       4 |   4.1 |      29 |       1 |   3.3
        D:3 |     204 |       0 |   0.0 |      25 |       0 |   0.0
        D:4 |     121 |     221 |  64.6 |      16 |       5 |  23.8
        D:5 |     366 |     303 |  45.3 |      25 |       5 |  16.7
        D:6 |    1376 |       0 |   0.0 |      28 |       0 |   0.0
        D:7 |    2091 |       0 |   0.0 |      30 |       0 |   0.0
        D:8 |    1960 |       0 |   0.0 |      27 |       0 |   0.0
        D:9 |    2272 |     609 |  21.1 |      40 |       2 |   4.8
       D:10 |    2588 |     802 |  23.7 |      30 |       1 |   3.2
       D:11 |    2300 |    1992 |  46.4 |      22 |       6 |  21.4
       D:12 |    8464 |    1172 |  12.2 |      37 |       2 |   5.1
     Lair:1 |    1173 |     122 |   9.4 |       8 |      12 |  60.0
     Lair:2 |    4301 |    2110 |  32.9 |      17 |       8 |  32.0
     Lair:3 |    6119 |       0 |   0.0 |      17 |       0 |   0.0
      Sewer |       0 |     355 | 100.0 |       0 |      53 | 100.0
      IceCv |       0 |    3275 | 100.0 |       0 |      17 | 100.0
            +---------+---------+-------+---------+---------+-------
